[Event "Live Chess"]
[Site "Chess.com"]
[Date "2024.06.01"]
[Round "-"]
[White "Brooms1989"]
[Black "CarmelJane"]
[Result "0-1"]
[WhiteElo "1110"]
[BlackElo "2084"]
[TimeControl "300"]
[EndTime "13:16:09 PDT"]
[Termination "CarmelJane won by resignation"]

1. e4 g6 2. d4 Bg7 3. Nf3 c5 4. Nc3 cxd4 5. Nxd4 Nc6 6. Nxc6 bxc6 7. Bd3 Nf6 8. O-O O-O 9. f4 a5 10. a4 d5 11. e5 Ng4 12. h3 Qb6+ 0-1

[Event "Live Chess"]
[Site "Chess.com"]
[Date "2024.06.01"]
[Round "-"]
[White "ACM42"]
[Black "alicechristina"]
[Result "0-1"]
[WhiteElo "2169"]
[BlackElo "1870"]
[TimeControl "300"]
[EndTime "13:16:11 PDT"]
[Termination "alicechristina won by resignation"]

1. e4 e5 2. Nf3 Nf6 3. Nxe5 d6 4. Nf3 Nxe4 5. d3 Nf6 6. d4 d5 7. Bd3 Be7 8. O-O O-O 9. h3 Nc6 10. c3 Bd6 11. Nbd2 Re8 12. Re1 Rxe1+ 13. Qxe1 Ne7 14. Nf1 Bf5 15. Bxf5 Nxf5 16. Bg5 h6 17. Bh4 Nxh4 18. Nxh4 Ne4 19. Nf5 Bf8 20. f3 Nd6 21. N5e3 Qf6 22. Nxd5 Qg6 23. Nxc7 Rc8 24. Nd5 Re8 25. Qg3 Qe6 26.
Nc7 Qe7 27. Nxe8 Qxe8 28. Re1 Qb5 29. b3 Qa5 30. c4 Qxa2 31. c5 Nf5 32. Qf4 Ne7 33. Qb8 Nc6 34. Re8 Nxb8 35. Rxb8 Qxb3 36. d5 Qxd5 0-1

[Event "Live Chess"]
[Site "Chess.com"]
[Date "2024.06.01"]
[Round "-"]
[White "PureDashingOctopus"]
[Black "cymbalshift"]
[Result "1-0"]
[WhiteElo "2270"]
[BlackElo "1655"]
[TimeControl "300"]
[EndTime "13:16:16 PDT"]
[Termination "PureDashingOctopus won by resignation"]

1. e4 e5 2. Nf3 Nc6 3. Bb5 a6 4. Ba4 Nf6 5. O-O Be7 6. d3 b5 7.
Bb3 d6 8. a4 Rb8 9. axb5 axb5 10. Re1 O-O 11. Nbd2 Be6 12. Bxe6 fxe6 13. c3 Qe8 14.
Nf1 d5 15. exd5 exd5 16. Nxe5 Nxe5 17. Rxe5 Qf7 18. Ng3 Bd6 19. Re1 h5 20. f3 h4 21.
Nf5 Bxh2+ 22. Kxh2 Qh5 23. Re5 Kh8 24. Ne7 Qxe5+ 25.
Kh1 Qh5 26. Bf4 Rbe8 27. Nc6 h3 28. g4 Qh4 29. Ne5 Qf2 30. Ng6+ Kg8 31. Qf1 Qg2+ 32. Qxg2 hxg2+ 33. Kxg2 Re2+ 34. Kf1 Rfe8 35. d4 Rxb2 36. Ne5 Rc2 37. Ra3 Nh7 38. Ke1 g5 39. Bd2 c5 40.
Kd1 cxd4 41. Kxc2 Rxe5 42. cxd4 Re2 43. Ra5 Rf2 44. Rxb5 Rxf3 45. Rxd5 Kf7 46. Rd7+ Kg6 47. d5 Rg3 48. Rd6+ Nf6 49. Bc3 Rf3 50. Rxf6+ Rxf6 51. Bxf6 Kxf6 52. Kd3 Ke5 53. Kc4 Kd6 54. Kd4 Kd7 55. Ke5 Ke7 56. Kf5 Kd6 57. Kxg5 Kxd5 58. Kf6 1-0

[Event "Live Chess"]
[Site "Chess.com"]
[Date "2024.06.01"]
[Round "-"]
[White "MagnersCarlsberg2870"]
[Black "dhairyapandyauk"]
[Result "1-0"]
[WhiteElo "1798"]
[BlackElo "1655"]
[TimeControl "300"]
[EndTime "13:16:32 PDT"]
[Termination "MagnersCarlsberg2870 won by checkmate"]

1. d4 Nf6 2. Nf3 d5 3. e3 e6 4. Bd3 Bd6 5. Nbd2 Nbd7 6. Qe2 Qe7 7. O-O O-O 8. e4 e5 9. exd5 Nxd5 10. Bxh7+ Kxh7 11. Qe4+ f5 12. Qxd5 e4 13. Re1 Nb6 14. Qb3 Qf6 15.
Nc4 exf3 16. Nxd6 Qxd6 17. Qxf3 Qxd4 18. Be3 Qf6 19. Rad1 Rb8 20. Bd4 Qg6 21. Re7 Rf7 22. Qh3+ Kg8 23. Re8+ Rf8 24. Rxf8+ Kxf8 25. Qh8+ Ke7 26.
Re1+ Kf7 27. Qe8# 1-0

[Event "Live Chess"]
[Site "Chess.com"]
[Date "2024.06.01"]
[Round "-"]
[White "Ksenia_2013"]
[Black "Isambard_Thomas"]
[Result "0-1"]
[WhiteElo "833"]
[BlackElo "2167"]
[TimeControl "300"]
[EndTime "13:17:24 PDT"]
[Termination "Isambard_Thomas won by resignation"]

1. e4 Nc6 2. Bc4 e5 3. Nf3 Nf6 4. Nc3 d6 5. O-O Be7 6. d3 Na5 7. b3 Nxc4 8. bxc4 Bg4 9. Bg5 O-O 10. h3 Bh5 11. Nd5 Nxd5 12. Bxe7 Nxe7 13. g4 Bg6 14. Ng5 Qd7 15. Qf3 f6 16. Nxh7 Bxh7 17. h4 c6 18. g5 fxg5 19. hxg5 Rxf3 0-1

[Event "Live Chess"]
[Site "Chess.com"]
[Date "2024.06.01"]
[Round "-"]
[White "peteopeteo"]
[Black "TJ-W"]
[Result "0-1"]
[WhiteElo "1584"]
[BlackElo "1571"]
[TimeControl "300"]
[EndTime "13:17:25 PDT"]
[Termination "TJ-W won by resignation"]

1. e4 c5 2. a3 Nc6 3. b4 cxb4 4.
axb4 Nxb4 5. c3 Nc6 6. d4 d5 7.
exd5 Qxd5 8. Nf3 e5 9. c4 Qe4+ 10. Be2 Nxd4 11. Nxd4 Qxd4 12. Qxd4 exd4 13. O-O Nf6 14.
Re1 Be6 15. c5 Bxc5 16. Nd2 O-O 17. Nf3 Rfe8 18. Bd3 h6 19. Bb2 Rad8 20. Rac1 b6 21. Re5 Ng4 22. Re4 Nf6 23. Rf4 Re7 24. Ne5 Bd7 25.
Ra1 Rxe5 26. Rxa7 Re1+ 27. Bf1 Bb5 0-1

[Event "Live Chess"]
[Site "Chess.com"]
[Date "2024.06.01"]
[Round "-"]
[White "nitrofish07"]
[Black "StoreySniper"]
[Result "0-1"]
[WhiteElo "2102"]
[BlackElo "2537"]
[TimeControl "300"]
[EndTime "13:17:26 PDT"]
[Termination "StoreySniper won by resignation"]

1. e4 g6 2. d4 Bg7 3. c3 d5 4.
e5 c5 5. Be3 Nc6 6. Nf3 Nh6 7. h3 Nf5 8. g4 Nxe3 9. fxe3 Qb6 10.
Qc2 h5 11. g5 Bf5 12. Qc1 cxd4 13. exd4 Rc8 14. Qd2 O-O 15. Bg2 Be4 16. Na3 f6 17. exf6 exf6 18. O-O f5 19. Rae1 Rce8 20. b4 Re7 21.
Nc2 Rc8 22. Ne3 Rec7 23. Rc1 Ne7 24. Ne5 Bxe5 25. dxe5 f4 26. Rxf4 Nf5 27. Bxe4 Nxe3 28. Kh1 dxe4 29. Rf6 Rc6 30. e6 Rxe6 31. Rxe6 Qxe6 32.
Qxe3 Rd8 33. Re1 Re8 34. a4 b6 35. Kg2 Kh7 36. a5 bxa5 37. Qxa7+ Re7 38. Qxa5 e3 39. Re2 Qe4+ 40. Kg1 Qb1+ 41. Kg2 Rf7 42. Qa2 Qf1+ 43. Kh2 h4 44. b5 Qf4+ 45. Kg1 Qxg5+ 46. Rg2 Qf4 47.
Qxf7+ Qxf7 48. Re2 Qf3 49. Rg2 e2 50. Rxe2 Qxe2 51. b6 Qb5 52. b7 Qxb7 53. Kf2 Qc6 54. c4 Qxc4 55. Ke3 Qc3+ 56. Kf2 Qxh3 57. Kg1 Qg3+ 58. Kh1 Qg4 59. Kh2 Kh6 60. Kh1 Kg5 61. Kh2 Kf4 62. Kh1 Kf3 0-1

[Event "Live Chess"]
[Site "Chess.com"]
[Date "2024.06.01"]
[Round "-"]
[White "defenderalist"]
[Black "booktrunk"]
[Result "1-0"]
[WhiteElo "1522"]
[BlackElo "1382"]
[TimeControl "300"]
[EndTime "13:17:28 PDT"]
[Termination "defenderalist won by resignation"]

1. e4 b6 2. d4 Bb7 3. Bd3 h6 4.
Nf3 e6 5. O-O Nf6 6. e5 Nd5 7.
c4 Nb4 8. Be2 f6 9. a3 N4a6 10.
b4 c6 11. Bb2 fxe5 12. Nxe5 Nc7 13. Bh5+ Ke7 14. Ng6+ Kf6 15. Nxh8 1-0

[Event "Live Chess"]
[Site "Chess.com"]
[Date "2024.06.01"]
[Round "-"]
[White "MaximKovalenko83"]
[Black "stevochess11"]
[Result "1/2-1/2"]
[WhiteElo "2221"]
[BlackElo "1713"]
[TimeControl "300"]
[EndTime "13:17:36 PDT"]
[Termination "Game drawn by repetition"]

1. d4 Nf6 2. Nf3 g6 3. c4 Bg7 4. Nc3 d6 5. e4 O-O 6. Be2 c5 7. O-O cxd4 8. Nxd4 Nc6 9. Be3 Bd7 10. h3 a6 11. b3 Rc8 12. Rc1 Qa5 13. Nxc6 Bxc6 14. f3 Nd7 15. Bd4 Bxd4+ 16. Qxd4 Qe5 17. Qd2 f5 18.
exf5 Rxf5 19. Bd3 Rf4 20. Rfe1 Qg5 21. Ne2 Rcf8 22. Nxf4 Rxf4 23. Be4 Ne5 24. Bxc6 bxc6 25. Rc3 Qg3 26. Qf2 Qg5 27. Re4 Rxe4 28. fxe4 Qh5 29.
Rc1 Nd3 30. Qf1 Nxc1 31. Qxc1 Qe2 32. Qb1 Qe3+ 33. Kh1 Kf7 34. Qc2 Ke6 35. b4 Ke5 36. b5 axb5 37. cxb5 cxb5 38. Qb2+ Kxe4 39. Qxb5 Qc1+ 40.
Kh2 Qf4+ 41. Kg1 d5 42. Qb4+ d4 43. Qxe7+ Kd3 44. Qxh7 Qe3+ 45. Kh2 Qf4+ 46. Kh1 Qf1+ 47. Kh2 Qf4+ 48. Kg1 Qe3+ 49. Kf1 Qe2+ 50. Kg1 Qe3+ 1/2-1/2

[Event "Live Chess"]
[Site "Chess.com"]
[Date "2024.06.01"]
[Round "-"]
[White "ProfPoisson"]
[Black "koekoekoe"]
[Result "0-1"]
[WhiteElo "1293"]
[BlackElo "2047"]
[TimeControl "300"]
[EndTime "13:17:43 PDT"]
[Termination "koekoekoe won by resignation"]

1. e4 d5 2. exd5 Qxd5 3. Nc3 Qa5 4. b4 Qxb4 5. Nb5 Qa5 6. Bc4 c6 7. Bxf7+ Kxf7 8. Qh5+ g6 9. Nd6+ exd6 10. Qxa5 b6 11. Qa4 Bg7 12. Rb1 Ne7 13. Nf3 Bg4 14. Qxg4 Nf5 15. O-O Nd7 16. Bb2 Bxb2 17. Rxb2 Nf6 18. Ng5+ Kg7 19. Ne6+ Kf7 20. Ng5+ Kg7 21. Re1 Nxg4 22.
Ne6+ Kf6 23. Nc7 Rac8 24. Re6+ Kf7 0-1

[Event "Live Chess"]
[Site "Chess.com"]
[Date "2024.06.01"]
[Round "-"]
[White "Queensandpawns"]
[Black "upoe610"]
[Result "0-1"]
[WhiteElo "2368"]
[BlackElo "2226"]
[TimeControl "300"]
[EndTime "13:17:47 PDT"]
[Termination "upoe610 won by resignation"]

1. e4 e5 2. d4 exd4 3. c3 Qe7 4. Bd3 d5 5. cxd4 dxe4 6. Bc2 Nf6 7. Nc3 Bf5 8. Bg5 h6 9. Bh4 Nc6 10. d5 O-O-O 11. Qe2 Nd4 12. Qd2 Nxc2+ 13. Qxc2 g5 14. Bg3 Nxd5 15. Nxd5 Rxd5 16. Ne2 Qb4+ 17. Kf1 Bd6 18.
a3 Qd2 19. Qa4 Bxg3 20. hxg3 e3 21. f3 Bd3 22. Re1 Bb5 23. Qxa7 Qxe2+ 24. Kg1 Qxe1+ 25. Kh2 Qxh1+ 26. Kxh1 e2 27. Qa8+ Kd7 28. Qxh8 e1=Q+ 29. Kh2 Rd1 30. Kh3 Qh1+ 31. Kg4 h5+ 32. Kxg5 Rd5+ 33. Kf6 Qe1 0-1

[Event "Live Chess"]
[Site "Chess.com"]
[Date "2024.06.01"]
[Round "-"]
[White "Enhard"]
[Black "Ferrarifan27"]
[Result "0-1"]
[WhiteElo "1435"]
[BlackElo "2068"]
[TimeControl "300"]
[EndTime "13:18:04 PDT"]
[Termination "Ferrarifan27 won by checkmate"]

1. d4 Nf6 2. Bg5 e6 3. e4 h6 4. Bxf6 Qxf6 5. e5 Qg6 6. Nf3 f6 7. Bd3 Qf7 8. O-O Nc6 9. c3 d6 10. Bb5 Bd7 11. Bxc6 Bxc6 12. Nbd2 O-O-O 13. Qb3 dxe5 14. dxe5 Bc5 15. Rfd1 f5 16. a4 g5 17. h3 g4 18. hxg4 fxg4 19. a5 gxf3 20. Nc4 Qg7 21. g3 Qxg3+ 22. Kf1 Qxf2# 0-1

[Event "Live Chess"]
[Site "Chess.com"]
[Date "2024.06.01"]
[Round "-"]
[White "WilliamofOrange16th"]
[Black "Delacorta"]
[Result "1-0"]
[WhiteElo "1983"]
[BlackElo "1558"]
[TimeControl "300"]
[EndTime "13:18:08 PDT"]
[Termination "WilliamofOrange16th won by resignation"]

1. e4 e6 2. f4 d5 3. e5 c5 4. c3 Nc6 5. Nf3 Qb6 6. Na3 Nh6 7. Nc2 Nf5 8. g4 Nfe7 9. d4 Ng8 10. Bd3 c4 11. Be2 g6 12. O-O Bg7 13. Ne3 Nge7 14. b3 Na5 15. b4 Nac6 16. a4 Qc7 17. Bd2 h5 18. Ng5 f6 19. exf6 Bxf6 20. gxh5 Nf5 21. hxg6 Bxg5 22. Nxf5 exf5 23. Bh5 Qg7 24. fxg5 Kf8 25. Bf4 Ne7 26. Be5 1-0

[Event "Live Chess"]
[Site "Chess.com"]
[Date "2024.06.01"]
[Round "-"]
[White "WorcesterYork"]
[Black "nigelst"]
[Result "1-0"]
[WhiteElo "2500"]
[BlackElo "1661"]
[TimeControl "300"]
[EndTime "13:18:15 PDT"]
[Termination "WorcesterYork won by resignation"]

1. e4 c6 2. c4 d5 3. cxd5 cxd5 4. exd5 Nf6 5. Nc3 Nxd5 6. Nf3 e6 7. d4 Nc6 8. Bd3 Bb4 9. Bd2 Bxc3 10. bxc3 O-O 11. O-O Nf6 12. Re1 b6 13. Bg5 Bb7 14. Qe2 h6 15. Bh4 g5 16. Bg3 Nh5 17. Rad1 Nxg3 18. hxg3 Ne7 19. c4 Nf5 20. Bxf5 exf5 21. d5 Qf6 22.
Qe5 Qxe5 23. Nxe5 Rfe8 24. f4 Ba6 25. Rc1 Rac8 26. d6 Rcd8 27. d7 Re7 28. Red1 Bb7 29. c5 f6 30. c6 fxe5 31. cxb7 exf4 32. gxf4 g4 33. Rc8 1-0

[Event "Live Chess"]
[Site "Chess.com"]
[Date "2024.06.01"]
[Round "-"]
[White "AlexanderMatlak"]
[Black "LanceMaster23"]
[Result "1-0"]
[WhiteElo "2486"]
[BlackElo "1839"]
[TimeControl "300"]
[EndTime "13:18:27 PDT"]
[Termination "AlexanderMatlak won by resignation"]

1. c4 Nf6 2. Nf3 d5 3. cxd5 Nxd5 4. Nc3 Nxc3 5. bxc3 c5 6. g3 g6 7. Bg2 Bg7 8. h4 h5 9. Ng5 Qc7 10. Rb1 Nc6 11. Rb5 b6 12. d4 cxd4 13. cxd4 Bb7 14. Bf4 Qd7 15. Qb3 O-O 16. e3 e6 17. O-O Ba6 18.
a4 Na5 19. Qb1 Bxb5 20. axb5 Rac8 21. Be4 Nc4 22. Bxg6 Nd2 23. Bh7+ Kh8 24. Qd1 Nxf1 25. Qxh5 Nxg3 26. Bxg3 Rc1+ 27. Kg2 Qd5+ 28. Be4+ Bh6 29. Qxh6+ 1-0

[Event "Live Chess"]
[Site "Chess.com"]
[Date "2024.06.01"]
[Round "-"]
[White "NeilDruggan73"]
[Black "JanMur7"]
[Result "0-1"]
[WhiteElo "1755"]
[BlackElo "2312"]
[TimeControl "300"]
[EndTime "13:18:36 PDT"]
[Termination "JanMur7 won by checkmate"]

1. d4 Nf6 2. Bg5 d5 3. Bxf6 exf6 4. e3 c5 5. dxc5 Bxc5 6. g3 d4 7. exd4 Qxd4 8. Qxd4 Bxd4 9. c3 Bb6 10. Bg2 O-O 11.
a4 Re8+ 12. Kd2 Bxf2 13. Kd3 Bf5+ 14. Kc4 Nc6 15. Nd2 Na5+ 16. Kb4 b6 17. c4 Bc5+ 18.
Kb5 a6# 0-1

[Event "Live Chess"]
[Site "Chess.com"]
[Date "2024.06.01"]
[Round "-"]
[White "CarmelJane"]
[Black "DarranAS"]
[Result "1-0"]
[WhiteElo "2084"]
[BlackElo "1426"]
[TimeControl "300"]
[EndTime "13:18:37 PDT"]
[Termination "CarmelJane won by checkmate"]

1. e4 e5 2. Nf3 Nc6 3. d4 exd4 4. Bc4 Nf6 5. e5 Na5 6. exf6 Bb4+ 7. Bd2 Bxd2+ 8.
Nbxd2 Nxc4 9. Nxc4 Qxf6 10. Qxd4 Qg6 11. O-O d5 12. Rfe1+ Kf8 13. Qc5+ Kg8 14. Re8# 1-0

[Event "Live Chess"]
[Site "Chess.com"]
[Date "2024.06.01"]
[Round "-"]
[White "koekoekoe"]
[Black "booktrunk"]
[Result "1-0"]
[WhiteElo "2048"]
[BlackElo "1382"]
[TimeControl "300"]
[EndTime "13:18:54 PDT"]
[Termination "koekoekoe won by resignation"]

1. d4 b6 2. Bf4 Bb7 3. e3 e6 4. Nf3 Nf6 5. c4 h6 6. Nc3 g5 7. Bg3 Nh5 8. Bd3 Nxg3 9. hxg3 c5 10. Be4 Bxe4 11. Nxe4 cxd4 12. Qxd4 Bb4+ 13. Nc3 Nc6 14.
Qxh8+ Ke7 1-0

[Event "Live Chess"]
[Site "Chess.com"]
[Date "2024.06.01"]
[Round "-"]
[White "cymbalshift"]
[Black "Silverback7829"]
[Result "1-0"]
[WhiteElo "1658"]
[BlackElo "983"]
[TimeControl "300"]
[EndTime "13:18:56 PDT"]
[Termination "cymbalshift won by checkmate"]

1. d4 d5 2. e4 c6 3. e5 f6 4.
Bd3 fxe5 5. Qh5+ g6 6. Qxe5 Nf6 7. Bg5 Nbd7 8. Qe2 Bg7 9. Nf3 b6 10. c4 dxc4 11. Bxc4 b5 12. Bb3 Ba6 13. O-O Qc8 14. Re1 b4 15. Qxe7# 1-0

[Event "Live Chess"]
[Site "Chess.com"]
[Date "2024.06.01"]
[Round "-"]
[White "Kyrylo7770"]
[Black "Bradfield133"]
[Result "0-1"]
[WhiteElo "1655"]
[BlackElo "1913"]
[TimeControl "300"]
[EndTime "13:19:16 PDT"]
[Termination "Bradfield133 won by checkmate"]

1. d4 d6 2. Nf3 f5 3. Bg5 Nd7 4. e3 Ngf6 5. h4 e5 6. d5 h6 7. Bxf6 Qxf6 8. Nc3 Be7 9. Be2 O-O 10. g3 c6 11. dxc6 bxc6 12. Bc4+ Kh8 13. Bb3 Nc5 14. Qe2 f4 15. gxf4 exf4 16. e4 Ba6 17. Bc4 Bxc4 18. Qxc4 Rab8 19. O-O-O a5 20. b3 Rb4 21. e5 dxe5 22. Qe2 e4 23. Nxe4 Rxe4 24. Qf1 Qa1+ 25. Kd2 Rd8+ 26. Nd4 Rdxd4+ 27. Qd3 Rxd3+ 28. cxd3 Qd4 29. Rc1 Qxd3# 0-1

[Event "Live Chess"]
[Site "Chess.com"]
[Date "2024.06.01"]
[Round "-"]
[White "dhairyapandyauk"]
[Black "dl_chess"]
[Result "1-0"]
[WhiteElo "1657"]
[BlackElo "1182"]
[TimeControl "300"]
[EndTime "13:19:18 PDT"]
[Termination "dhairyapandyauk won by resignation"]

1. e4 e6 2. d4 d5 3. exd5 exd5 4. Bd3 Bd6 5. Ne2 Nf6 6. O-O O-O 7. c3 c6 8. f4 Bg4 9. h3 Bxe2 10. Qxe2 Re8 11.
Qf3 Qc7 12. Nd2 Nbd7 13. Qf2 Nh5 14. Qh4 Ndf6 15. Nb3 Nxf4 16. Bxf4 Bxf4 17. Qxf4 h6 18. Qxc7 1-0

[Event "Live Chess"]
[Site "Chess.com"]
[Date "2024.06.01"]
[Round "-"]
[White "grillage"]
[Black "bobby_jamesFischer86"]
[Result "1-0"]
[WhiteElo "1873"]
[BlackElo "1614"]
[TimeControl "300"]
[EndTime "13:19:24 PDT"]
[Termination "grillage won on time"]

1. d4 d5 2. Nf3 c6 3. c4 Nf6 4. Qc2 e6 5. cxd5 exd5 6. Nc3 g6 7. Bg5 Bg7 8. e3 O-O 9. Bd3 Re8 10. O-O Bg4 11.
Ne5 Be6 12. b4 h6 13. Bh4 g5 14.
Bg3 Nbd7 15. a4 Nxe5 16. Bxe5 Nd7 17. Bxg7 Kxg7 18. b5 c5 19. dxc5 Nxc5 20. Be2 Rc8 21. Qb2 f6 22. Bh5 Rf8 23. Rad1 b6 24. Ne2 Bf7 25.
Bxf7 Rxf7 26. Nd4 Qd7 27. Qa2 Ne4 28. Nc6 Nc3 29. Qb3 Nxd1 30. Rxd1 Rxc6 31. bxc6 Qxc6 32. Qxd5 Qxd5 33. Rxd5 Rc7 34. g3 Rc4 35. Rd7+ Kg6 36. Rxa7 Rb4 37. Kg2 h5 38. h3 g4 39. h4 Kf5 40.
Ra6 Ke4 41. Ra8 f5 42. Ra7 Kd3 43. a5 b5 44. a6 Ke2 45. Rf7 Ra4 46. a7 b4 47. Rxf5 Rxa7 48. Rb5 Ra6 49. Rxb4 Rf6 50. Rb2+ Ke1 51. Kg1 Rc6 52. Rb4 Rf6 53. Rf4 Rxf4 54. exf4 Ke2 55. f5 1-0

[Event "Live Chess"]
[Site "Chess.com"]
[Date "2024.06.01"]
[Round "-"]
[White "Stanbad1"]
[Black "Tushinskiy"]
[Result "0-1"]
[WhiteElo "2652"]
[BlackElo "2266"]
[TimeControl "300"]
[EndTime "13:19:25 PDT"]
[Termination "Tushinskiy won by resignation"]

1. d4 d5 2. Nc3 c6 3. Bf4 Nf6 4. e3 e6 5. Nf3 Bd6 6. Ne5 Qe7 7. Qf3 Nbd7 8. Be2 Nf8 9. Qg3 Bxe5 10. dxe5 N6d7 11.
Qxg7 Ng6 12. h4 Qf8 13. Qxf8+ Rxf8 14. h5 Ngxe5 15. O-O-O f5 16. g3 a6 17. h6 b5 18. Nb1 Bb7 19. Nd2 Ng6 20. Bg5 Nde5 21.
Nf3 Nxf3 22. Bxf3 Kd7 23. Bh5 Rg8 24. Rhe1 Raf8 25. b3 Ne7 26. Bf4 Ng6 27. Bxg6 Rxg6 28. c4 bxc4 29. bxc4 Ke7 30. cxd5 cxd5 31. Kd2 Bc6 32. Rb1 Rc8 33. Rec1 Rgg8 34. Rb6 Bb5 35. Rb7+ Kf6 36. Rxc8 Rxc8 37. Rxh7 e5 38. Bxe5+ Kxe5 39. Rf7 Rh8 40. h7 Ke4 41. Rg7 Kf3 42. Kc3 Kxf2 43.
Kd4 Bc4 44. Rg5 Rxh7 45. Rxf5+ Kxg3 46. e4 Rh4 47. Re5 Bxa2 48. Ke3 dxe4 49. Rxe4 Rh1 50.
Ra4 Bd5 51. Rxa6 Bf3 52. Rg6+ Bg4 53. Rf6 Re1+ 54. Kd2 Re8 55. Rd6 Bf3 56. Rd4 Kf2 57. Rd3 Be4 58. Rd6 Re5 59. Rf6+ Bf3 60. Kd3 Rd5+ 61.
Kc4 Rd8 62. Re6 Bd5+ 0-1

[Event "Live Chess"]
[Site "Chess.com"]
[Date "2024.06.01"]
[Round "-"]
[White "DoctorMantisTobogganMD"]
[Black "NottheBishopSacrifice"]
[Result "0-1"]
[WhiteElo "2166"]
[BlackElo "2259"]
[TimeControl "300"]
[EndTime "13:19:33 PDT"]
[Termination "NottheBishopSacrifice won by checkmate"]

1. e4 c6 2. d4 d5 3. exd5 cxd5 4.
Bd3 Nc6 5. c3 Nf6 6. Ne2 Bg4 7.
O-O e6 8. Qe1 Bd6 9. f3 Bh5 10.
Qh4 O-O 11. Nf4 Bxf4 12. Bxf4 Bg6 13. Bxg6 hxg6 14. Bg5 Qb6 15. Qf2 Rfe8 16. Na3 Nd7 17. Rab1 Rac8 18. Nc2 Qa6 19. a3 e5 20. dxe5 Ndxe5 21. Nb4 Nxb4 22. axb4 Nc4 23. Ra1 Qe6 24. Rxa7 b5 25.
h3 Qf5 26. Bc1 Re6 27. Re1 Rce8 28. Rxe6 Rxe6 29. Ra8+ Kh7 30. Qh4+ Qh5 31. Qxh5+ gxh5 32. Kf2 Ne5 33. Ke3 Nc4+ 34. Kd4 Re1 35. Bf4 Nxb2 36.
Kxd5 Nd1 37. Ra3 Nb2 38. Be5 Nc4 39. Ra7 Rxe5+ 40. Kc6 Kg6 41. g4 hxg4 42. hxg4 Re3 43. Kxb5 Ne5 44. f4 Nxg4 45. c4 Nf6 46. c5 Rb3 47. Kc4 Rb1 48. c6 Rc1+ 49. Kb5 Nd5 50. f5+ Kf6 51. Rd7 Ne7 52. c7 g5 53. fxg6 fxg6 54. Kb6 g5 55. b5 g4 56. Kb7 g3 57.
b6 g2 58. Rxe7 Kxe7 59. c8=Q Rxc8 60. Kxc8 g1=Q 61. b7 Qc5+ 62. Kb8 Kd7 63. Ka8 Qa5+ 64. Kb8 Kc6 65. Kc8 Qc7# 0-1

[Event "Live Chess"]
[Site "Chess.com"]
[Date "2024.06.01"]
[Round "-"]
[White "GoldsmanB"]
[Black "jimwad"]
[Result "0-1"]
[WhiteElo "1084"]
[BlackElo "1274"]
[TimeControl "300"]
[EndTime "13:19:51 PDT"]
[Termination "jimwad won by checkmate"]

1. d4 d5 2. Bf4 Bf5 3. c3 Nf6 4. Qb3 Qc8 5. e3 e6 6. Nf3 Nbd7 7. Be2 c5 8. Nbd2 c4 9. Qd1 Be7 10. O-O O-O 11. Ne5 Nxe5 12. Bxe5 Nd7 13. Bg3 Bg6 14.
Bf3 Nf6 15. Rc1 a5 16. b3 b5 17. bxc4 bxc4 18. Qa4 Qd7 19. Qxd7 Nxd7 20. e4 Ba3 21. Rb1 Nf6 22. e5 Bxb1 23. exf6 Bd3 24. fxg7 Kxg7 25. Be5+ Kg8 26. Re1 f6 27. Bg3 Kf7 28. Bg4 Bf5 29. Bh5+ Kg7 30. Bf3 Bb2 31. Bd6 Rfe8 32. h3 Bxc3 33.
Rd1 Bc2 34. Rc1 Bxd2 35. Rxc2 Bb4 36. Bg3 a4 37. Rb2 Be7 38. Rb7 Kf7 39. Bd6 Rac8 40.
Bh5+ Kf8 41. Bxe8 Rxe8 42. Bxe7+ Rxe7 43. Rb8+ Kf7 44. Ra8 Rc7 45. Rxa4 c3 46. Rb4 c2 47. Rb2 c1=Q+ 48. Kh2 Qxb2 49. Kg3 Qxd4 50. f3 Rc3 51. Kh2 Qf4+ 52. Kg1 Qg3 53. Kf1 Rc2 54. Kg1 Qxg2# 0-1

[Event "Live Chess"]
[Site "Chess.com"]
[Date "2024.06.01"]
[Round "-"]
[White "Pablo_dmp"]
[Black "Zhevzh1k7"]
[Result "1-0"]
[WhiteElo "2013"]
[BlackElo "1103"]
[TimeControl "300"]
[EndTime "13:19:57 PDT"]
[Termination "Pablo_dmp won by resignation"]

1. e4 c6 2. d4 d5 3. e5 c5 4. dxc5 e6 5. Be3 Qa5+ 6. c3 Bxc5 7. b4 Qc7 8. Bxc5 b6 9. Bd4 Ne7 10. Bd3 Nbc6 11. Nf3 Nf5 12. Bxf5 exf5 13. O-O Be6 14. a4 O-O 15. Nbd2 Nxd4 16. cxd4 Rac8 17. Rc1 Qb7 18. Qb3 a6 19. Qe3 Rxc1 20. Rxc1 Rc8 21. Rxc8+ Qxc8 22. h4 Qc1+ 23. Kh2 Qb2 24. Qb3 Qc1 25.
a5 bxa5 26. bxa5 h6 27. Qb6 g5 28. hxg5 hxg5 29. Qd8+ Kg7 30. Qxg5+ Kf8 31. Qd8+ Kg7 32. Qb6 f4 33. Qxa6 Bg4 34. Qf6+ Kf8 35. Qxf4 Bxf3 36. gxf3 Qa3 37. Qh6+ Ke7 38. Qd6+ Ke8 39. Qxa3 1-0

[Event "Live Chess"]
[Site "Chess.com"]
[Date "2024.06.01"]
[Round "-"]
[White "GerardATHart"]
[Black "RichardABates"]
[Result "0-1"]
[WhiteElo "1404"]
[BlackElo "2238"]
[TimeControl "300"]
[EndTime "13:20:03 PDT"]
[Termination "RichardABates won by resignation"]

1. e4 c5 2. Nc3 Nc6 3. Bb5 Nd4 4. Bc4 e6 5. a4 a6 6. Nf3 Qc7 7. d3 Nf6 8. Be3 Nc6 9. O-O Be7 10. Qd2 O-O 11.
Bf4 d6 12. Rae1 Ne5 13. Nxe5 dxe5 14. Be3 Ng4 15. h3 Nxe3 16. Rxe3 b6 17. Rg3 Bd7 18.
Qh6 g6 19. h4 Kh8 20. h5 Rg8 21. Rh3 g5 22. Re1 Qd8 23. Ree3 Bf8 24. Qxh7+ Kxh7 25. Reg3 Bh6 26. Nd1 g4 27. Rh4 Qxh4 0-1

[Event "Live Chess"]
[Site "Chess.com"]
[Date "2024.06.01"]
[Round "-"]
[White "Eva3337"]
[Black "GwaryTek"]
[Result "1-0"]
[WhiteElo "1169"]
[BlackElo "1921"]
[TimeControl "300"]
[EndTime "13:20:16 PDT"]
[Termination "Eva3337 won on time"]

1. e4 Nf6 2. Bd3 d5 3. e5 Nfd7 4. e6 Nf6 5. exf7+ Kxf7 6. Nf3 Nc6 7. O-O h6 8. Re1 Bg4 9. h3 Bxf3 10. Qxf3 e5 11. Bb5 e4 12. Qe3 Bd6 13. d3 Re8 14.
Bxc6 bxc6 15. dxe4 Rxe4 16. Qd2 Qe7 17. Rxe4 Nxe4 18.
Qd1 Qe5 19. f4 Bc5+ 20. Kh2 Qd6 21. Nd2 Re8 22. Nf3 Kg8 23. Bd2 Nf6 24. Bc3 d4 25.
Ba5 Qxf4+ 26. Kh1 1-0

[Event "Live Chess"]
[Site "Chess.com"]
[Date "2024.06.01"]
[Round "-"]
[White "gobbles19"]
[Black "Tyslcab"]
[Result "1-0"]
[WhiteElo "2214"]
[BlackElo "1415"]
[TimeControl "300"]
[EndTime "13:20:48 PDT"]
[Termination "gobbles19 won on time"]

1. e4 d5 2. exd5 Nf6 3. Bb5+ Nbd7 4. d4 a6 5. Be2 Nb6 6. c4 e6 7. dxe6 Bxe6 8. d5 Bf5 9. Nf3 Bb4+ 10. Bd2 Qe7 11. O-O O-O-O 12. Bxb4 Qxb4 13. Nd4 Qxb2 14. Nc3 Qxc3 15. Nxf5 Nxc4 16. Rc1 Qe5 17. Bxc4 Qxf5 18. Qb3 Rd6 19. Rfe1 Re8 20. Rxe8+ Nxe8 21. Re1 Qd7 22. h3 Nf6 23. Rd1 Ne4 24. Qe3 f5 25. Qa7 c6 26.
Rc1 b5 27. Qxa6+ Qb7 28. Bxb5 Qxa6 29. Bxa6+ Kc7 30. Rxc6+ Rxc6 31. dxc6 Kxc6 32. Bd3 Nd6 33. f4 g6 34. Kf2 Kc5 35. Ke3 Kb4 36. Bc2 Nb5 37.
Bb3 Nc3 38. Bg8 Nd1+ 39. Kd4 Nf2 40. Bxh7 Ka3 41. Bxg6 Kxa2 42. Bxf5 1-0

[Event "Live Chess"]
[Site "Chess.com"]
[Date "2024.06.01"]
[Round "-"]
[White "nffc11"]
[Black "sebmoran1"]
[Result "1-0"]
[WhiteElo "1996"]
[BlackElo "1478"]
[TimeControl "300"]
[EndTime "13:20:50 PDT"]
[Termination "nffc11 won by resignation"]

1. c4 e6 2. g3 d5 3. cxd5 exd5 4. Bg2 Nf6 5. Nf3 Bc5 6. O-O O-O 7. d4 Bb6 8. Nc3 c6 9. Ne5 Nbd7 10. Nxd7 Bxd7 11.
Bf4 Re8 12. Rc1 Bc7 13. Bxc7 Qxc7 14. Nxd5 Nxd5 15. Bxd5 Be6 16. Bxe6 Rxe6 17. e3 Qb6 18. Qc2 Rae8 19. b3 Qc7 20. Qc5 a6 21. d5 Rh6 22.
Rfd1 Qd7 23. dxc6 Qh3 24. Qd5 bxc6 25. Rxc6 Qxh2+ 26. Kf1 Qh3+ 27. Ke2 Qg4+ 28. Kd2 Qb4+ 29. Kc2 Rh2 30. Rd2 Qa3 31. Kb1 h6 32. Rc7 Rf8 33.
Rd7 Qb4 34. Rd8 Rxd8 35. Qxd8+ Kh7 36. Qd3+ g6 37. Qd5 a5 38. Qxf7+ 1-0